AoeStats
← M@nqu!to

Arena

505566809Analyzed
2v2 RM · 21d ago on Sep 10, 2026· 40m 10s· 4 players
Game mode
Random Map
Map size
Medium (4 player)
Population
200
Speed
Normal
Resources
Standard
Victory
Conquest
Starting age
Dark Age
Ending age
Imperial Age
RankedLock teamsTeams togetherTeam positionsShared explorationLock speedFull tech treeHidden civsTurbo modeCheats
Victory
Defeat
🇵🇪 Britons · Peru
1269
+17
🇵🇪 Teutons · Peru
1222
+19
🇵🇪 Berbers · Peru
1325
-19
🇲🇽 Teutons · Mexico
1272
-17
[GDL] HANNIBAL
5:33 Loom
8:41 Feudal Age
10:37 Fletching
26:20 Castle Age
25:42 Horse Collar
26:57 Bodkin Arrow
27:01 Town Watch
27:41 Guard Tower
29:24 Wheelbarrow
29:09 Gold Mining
32:19 Double-Bit Axe
33:13 Scale Barding Armor
35:45 Imperial Age
34:49 Bow Saw
35:33 Forging
35:26 Heavy Plow
37:35 Chemistry
38:15 Capped Ram
Rasec
10:50 Feudal Age
16:07 Castle Age
15:12 Fletching
17:14 Double-Bit Axe
27:31 Loom
37:19 Imperial Age
36:01 Bow Saw
39:04 Chemistry
M@nquito 2.0
10:21 Feudal Age
8:41 Loom
10:27 Feudal Age
20:02 Castle Age
24:33 Fletching
38:06 Imperial Age
M@nqu!to
6:58 Loom
7:08 Loom
9:40 Feudal Age
10:36 Double-Bit Axe
12:22 Town Watch
15:42 Fletching
25:21 Castle Age
27:32 Pikeman
28:42 Horse Collar
35:33 Imperial Age
33:59 Padded Archer Armor
33:58 Bodkin Arrow
38:32 Scale Mail Armor
38:42 Forging
38:50 Squires
Connection lost

Rejoining the realm…

Still unreachable

The connection could not be restored.

Session expired

The server has moved on; the page needs a fresh start.